 Dungeon Crawl Stone Soup version 0.30-a0-43-gbbf338a72c (webtiles) character file.

Game seed: 11341414183492435708

107 LnG the Chopper (level 4, -3/40 HPs)
             Began as a Hill Orc Fighter on Aug 31, 2022.
             Slain by an iguana (10 damage)
             ... on level 3 of the Dungeon.
             The game lasted 00:05:59 (1907 turns).

LnG the Chopper (Hill Orc Fighter)                  Turns: 1907, Time: 00:05:59

Health: -3/40      AC:  6    Str: 20    XL:     4   Next: 85%
Magic:  4/4        EV:  5    Int:  8    God:
Gold:   68         SH: 12    Dex: 10    Spells: 3/3 levels left

rFire   . . .      SeeInvis .    a - +0 war axe
rCold   . . .      Faith    .    j - +0 tower shield
rNeg    . . .      Spirit   .    b - +0 scale mail
rPois   .          Reflect  .    (no helmet)
rElec   .          Harm     .    (no cloak)
rCorr   .          Rampage  .    (no gloves)
Will    .....                    (no boots)
Stlth   ..........               e - amulet of the acrobat
HPRegen 0.13/turn                (no ring)
MPRegen 0.09/turn                (no ring)

@: no status effects
A: no striking features
a: no special abilities


You were on level 3 of the Dungeon.
You visited 1 branch of the dungeon, and saw 3 of its levels.

You collected 68 gold pieces.

Inventory:

Hand Weapons
 a - a +0 war axe (weapon)
Armour
 b - a +0 scale mail (worn)
 c - a +0 buckler
 j - a +0 tower shield (worn)
Jewellery
 e - an amulet of the acrobat (around neck)
Scrolls
 h - a scroll of noise
 k - a scroll of blinking {unknown}
 l - a scroll of fear {unknown}
Potions
 d - 2 potions of might
 f - a potion of magic
 g - a potion of ambrosia
 i - a potion of heal wounds {unknown}


   Skills:
 + Level 4.2 Fighting
 + Level 4.5 Axes
 + Level 3.6 Armour
 + Level 0.2 Dodging
 + Level 0.6 Stealth
 + Level 4.1 Shields


You had 3 spell levels left.
You didn't know any spells.
Your spell library contained the following spells:

 Spells                   Type           Power      Damage    Failure   Level
 Foxfire                  Conj/Fire      0%         2x1d4     100%        1
 Magic Dart               Conj           0%         1d3       100%        1
 Searing Ray              Conj           0%         2d4       100%        2
 Conjure Flame            Conj/Fire      0%         6-21      100%        3
 Inner Flame              Hex/Fire       0%         N/A       100%        3
 Flame Wave               Conj/Fire      0%         2d4       100%        4
 Fulminant Prism          Conj/Hex       0%         3d6       100%        4


Dungeon Overview and Level Annotations

Branches:
Dungeon (3/15)

Altars:


Message History

You barely miss the bat.
You feel sick.
You are no longer poisoned.
You block the bat's attack. x2; The bat hits you but does no damage.
You completely miss the bat. The bat closely misses you.
The bat hits you but does no damage. You block the bat's attack.
You slash the bat!
You kill the bat!
No target in view!
There is a stone staircase leading up here.
You climb upwards.
There is a stone staircase leading down here.
You start resting.
HP restored.
Done exploring.
Done exploring.
There is a stone staircase leading down here.
There is a stone staircase leading down here.
You climb downwards.
The iguana hisses angrily.
You hear an angry hiss.
There is a stone staircase leading up here.
You block the iguana's attack.
You barely miss the iguana. The iguana bites you. The iguana bites you!
You slash the iguana!
The iguana is heavily wounded.
You block the iguana's attack. The iguana bites you!
You are too injured to fight recklessly!
You are too injured to fight recklessly!
You are too injured to fight recklessly!
You barely miss the iguana.
The iguana is heavily wounded.
You block the iguana's attack.
You hit the iguana.
The iguana is severely wounded.
The iguana bites you!
* * * LOW HITPOINT WARNING * * *
You block the iguana's attack.
You barely miss the iguana.
The iguana is severely wounded.
You block the iguana's attack. The iguana bites you!
You die...

##### .. #....
.... #..?. ....
#....#####....
.#.............
.......l...#
#.@...#
#..)..##..## .
#..<.†......
#...######.####
###....###b#####
## #..<.......
..........#####
######....#
#......


You could see an iguana.

Vanquished Creatures
  6 adders
  A dart slug (D:2)
  An orc (D:2)
  5 endoplasms
  2 giant cockroaches (D:2)
  6 goblins
  5 hobgoblins
  4 jackals (D:2)
  7 kobolds
  2 quokkas
  3 ball pythons
  3 bats
  4 rats
49 creatures vanquished.

Vanquished Creatures (others)
  51 plants (D:2)
51 creatures vanquished.

Grand Total: 100 creatures vanquished

Notes
Turn   | Place    | Note
-------+----------+-------------------------------------------
     0 | D:1      | LnG the Hill Orc Fighter began the quest for the Orb.
     0 | D:1      | Reached XP level 1. HP: 19/19 MP: 1/1
   173 | D:1      | Reached XP level 2. HP: 27/27 MP: 2/2
   700 | D:2      | Reached XP level 3. HP: 32/33 MP: 3/3
  1033 | D:2      | Found a faded altar of an unknown god.
  1078 | D:2      | Reached XP level 4. HP: 40/40 MP: 4/4
  1907 | D:3      | Slain by an iguana

Illustrated notes

Levels and vault maps discovered:
D:1:      mrwooster_arrival_statue_2, layout_loops_ring
D:2:      layout_loops_ring, shapermc_ecumenical_altar_starsandcircs,
          minmay_misc_feat_more_columns, grunt_ministairs_7,
          serial_bayou_lagoon_a
D:3:      layout_basic, gammafunk_temple_overflow_statue, uniq_ijyb

Skill      XL: |  1  2  3  4 |
---------------+-------------+-----
Fighting       | 4 |  4.2
Axes           | 3 4 |  4.5
Shields        | 4 |  4.1
Armour         | |  3.6
Dodging        | |  0.2
Stealth        | |  0.6

Action                   |  1- 3 |  4- 6 || total
-------------------------+-------+-------++-------
Melee: War axe           |    91 |    41 ||   132
  Use: Scroll            |       |     3 ||     3
 Stab: Distracted        |     1 |       ||     1
Armor: Scale mail        |    35 |    17 ||    52
Dodge: Dodged            |    39 |    17 ||    56
Block: Buckler           |    10 |       ||    10
       Tower shield      |    25 |    46 ||    71

Table legend: (Time is in decaauts)
 A = Elapsed time spent in this place.
 B = Non-inter-level travel time spent in this place.
 C = Inter-level travel time spent in this place.
 D = Time resting spent in this place.
 E = Time spent auto-exploring this place.
 F = Levels seen in this place.
 G = Mean time per level.
                   A        B        C        D        E       F      G
               +--------+--------+--------+--------+--------+-----+--------+
         Total |   2003 |   2003 |      0 |    367 |    715 |   3 |  667.7 |
       Dungeon |   2003 |   2003 |      0 |    367 |    715 |   3 |  667.7 |
               +--------+--------+--------+--------+--------+-----+--------+

Top non-repeatable levels by time:
     D:2: 1266 daAuts
     D:1: 707 daAuts
     D:3: 29 daAuts
